 Dungeon Crawl Stone Soup version 0.21.0-3-g78d12a8 (webtiles) character file.

2436520 kibaces the Conqueror (level 27, 117/226 HPs)
             Began as a Minotaur Berserker on Jan 7, 2018.
             Was the Champion of Trog.
             Escaped with the Orb
             ... and 4 runes on Jan 8, 2018!
             The game lasted 05:18:44 (68417 turns).

kibaces the Conqueror (Minotaur Berserker)         Turns: 68417, Time: 05:18:46

Health: 117/226    AC: 41    Str: 33    XL:     27
Magic:  31/31      EV: 36    Int: 11    God:    Trog [******]
Gold:   5894       SH: 17    Dex: 25    Spells: 26/26 levels left

rFire    + + +     SeeInvis .   n - +9 demon blade (elec)
rCold    + . .     Gourm    .   P - +3 buckler {AC+3}
rNeg     + . .     Faith    .   e - +11 scale mail of the Greedy {-Cast rF+++ Regen+ Dex+6}
rPois    .         Spirit   .   (helmet restricted)
rElec    .         Reflect  +   K - +2 cloak {MR+}
rCorr    .         Harm     .   F - +2 pair of gloves {Str+3}
MR       ++++.     NoCast   +   C - +2 pair of boots
Stlth    +.........             j - amulet "Gioh" {Reflect Int+6 SH+4}
HPRegen  1.27/turn              D - ring of Viog {rF+ rN+ MP+9 Str+3 Slay+3}
MPRegen  0.22/turn              B - ring of Virod {+Fly MR+ Str+2}

@: no status effects
A: retaliatory headbutt, horns 2, rugged brown scales 1, camouflage 1, blurry
vision 1, cold resistance 1, fire resistance 1, frail 2, regeneration 1,
screaming 1
0: Orb of Zot
}: 4/15 runes: decaying, serpentine, slimy, silver
a: Berserk, Trog's Hand, Brothers in Arms, Burn Spellbooks, Renounce Religion,
Evoke Flight


You escaped.
You worshipped Trog.
Trog was exalted by your worship.
You were not hungry.

You visited 12 branches of the dungeon, and saw 55 of its levels.
You visited the Abyss 1 time.
You visited 1 bazaar.
You also visited: Trove and Bailey.

You collected 6781 gold pieces.
You spent 887 gold pieces at shops.

Inventory:

Hand Weapons
 n - a +9 demon blade of electrocution (weapon)
 p - a +6 double sword of draining
 X - the +11 plutonium sword {*Contam Stlth-}
   (Trog gifted it to you on level 1 of Gehenna)

   It causes magical contamination when unequipped.
   It makes you less stealthy.
Armour
 e - the +11 scale mail of the Greedy (worn) {-Cast rF+++ Regen+ Dex+6}
   (You bought it in a shop on level 5 of the Dungeon)

   It affects your dexterity (+6).
   It renders you almost immune to fire.
   It prevents spellcasting.
   It increases your rate of regeneration.
 C - a +2 pair of boots (worn)
 F - a +2 pair of gloves of strength (worn)
 K - a +2 cloak of magic resistance (worn)
 P - a +3 buckler of protection (worn)
 R - a +2 hat
Jewellery
 j - the amulet "Gioh" (around neck) {Reflect Int+6 SH+4}
   (You found it in a treasure trove)

   [amulet of reflection]

   It shields you and reflects attacks.
   It affects your intelligence (+6).
   It affects your SH (+4).
 B - the ring of Virod (right hand) {+Fly MR+ Str+2}
   (You found it on level 9 of the Dungeon)

   [ring of strength]

   It affects your strength (+2).
   It affects your resistance to hostile enchantments.
   It lets you fly.
 D - the ring of Viog (left hand) {rF+ rN+ MP+9 Str+3 Slay+3}
   (You acquired it on level 5 of the Vaults)

   [ring of magical power]

   It affects your strength (+3).
   It affects your accuracy and damage with ranged weapons and melee attacks
   (+3).
   It protects you from fire.
   It protects you from negative energy.
   It affects your magic capacity (+9).
 J - the amulet "Beiffad" {Reflect rF+ SH+5}
   (You found it in a treasure trove)

   [amulet of reflection]

   It shields you and reflects attacks.
   It protects you from fire.
   It affects your SH (+5).
 L - the ring of Ugeceik {+Fly rF- rC++ MP+9}
   (You found it in a treasure trove)

   [ring of magical power]

   It makes you vulnerable to fire.
   It greatly protects you from cold.
   It affects your magic capacity (+9).
   It lets you fly.
Wands
 d - a wand of iceblast (7)
 A - a wand of flame (42)
 H - a wand of acid (16)
 I - a wand of digging (26)
 O - a wand of clouds (10)
Scrolls
 f - 3 scrolls of silence
 h - 6 scrolls of enchant armour (quivered)
 k - 5 scrolls of blinking
 l - 21 scrolls of teleportation
 m - 16 scrolls of identify
 o - 34 scrolls of remove curse
 u - 2 scrolls of summoning
 w - 3 scrolls of fear
 x - a scroll of brand weapon
 y - 2 scrolls of enchant weapon
 G - 6 scrolls of holy word
 M - 8 scrolls of magic mapping
 Q - 2 scrolls of fog
Potions
 a - 6 potions of flight
 b - 29 potions of curing
 g - 4 potions of berserk rage
 i - 10 potions of magic
 q - 3 potions of resistance
 r - 9 potions of lignification
 s - 9 potions of brilliance
 t - 5 potions of might
 v - a potion of invisibility
 z - 17 potions of heal wounds
 E - 5 potions of haste
 N - a potion of mutation
 U - 3 potions of ambrosia
 V - 2 potions of cancellation
Comestibles
 c - 27 rations


   Skills:
 O Level 27 Fighting
 + Level 24.0 Long Blades
 O Level 27 Armour
 O Level 27 Dodging
 + Level 18.7 Shields


You had 26 spell levels left.
You didn't know any spells.

Dungeon Overview and Level Annotations

Branches:
Dungeon (15/15)            Temple (1/1) D:7            Lair (6/6) D:9
  Swamp (4/4) Lair:4        Snake (4/4) Lair:4        Slime (5/5) Lair:5
    Orc (2/2) D:11            Elf (0/3) Orc:2        Vaults (5/5) D:13
  Crypt (0/3) Vaults:2     Depths (5/5) D:15           Hell (1/1)
    Dis (0/7) Hell            Geh (2/7) Hell            Coc (0/7) Hell
    Tar (0/7) Hell            Zot (5/5) Depths:5

Altars:
Ashenzari
Cheibriados
Dithmenos
Elyvilon
Fedhas
Kikubaaqudgha
Makhleb
Nemelex Xobeh
Trog
Uskayaw
Vehumet
Wu Jian
Xom
Yredelemnul
Zin
The Shining One
Beogh
Jiyva

Shops:
D:5 [   D:12 (   Orc:2 %***(   Vaults:5 (

Portals:
Hell: Depths:1 Depths:2 Depths:3 Depths:5
Abyss: Depths:1 Depths:3 Depths:4
Pandemonium: Depths:3 Depths:5
Ziggurat: Depths:1

Annotations:
Depths:4 exclusion: orange crystal statue
Zot:2 1 transporter


Innate Abilities, Weirdness & Mutations

You reflexively headbutt those who attack you in melee.
You have a pair of horns on your head.
You are partially covered in rugged brown scales. (AC +1, +3% HP)
Your skin changes colour to match your surroundings (Stealth+).
Scrolls take you a little longer to read.
Your flesh is cold resistant. (rC+)
Your flesh is heat resistant. (rF+)
You are very frail. (-20% HP)
Your natural rate of healing is unusually fast.
You occasionally shout uncontrollably at your foes.


Message History

Press: ? - help, Shift-Dir - straight line The rock shatters into small pieces.
There is a stone staircase leading up here.
You climb upwards.
There is a stone staircase leading down here.
Your extra speed is starting to run out.
There is an open door here.
You feel the effects of Trog's Hand fading.
A red devil comes into view.
It is wielding a demon trident of freezing.
There is an open door here.
You feel yourself slow down.
Aiming: Dig
Press: ? - help, Shift-Dir - straight line The rock shatters into small pieces.
Your skin stops crawling.
You feel less resistant to hostile enchantments.
The red devil misses you.
There is a staircase leading out of the dungeon here.
You block the red devil's attack.
You have escaped!

#############.###############.##.
...........................)..##.
#####.....##...#######..########.
# #.....##...#####.#..#........
#####.....##............#.#..####
....+.....+...###''###.....(.....
#####.....##..##.##.##..#.#..####
#.....##..#...##.#..#.#..####
#.....#####.@.##.#....#......
#.........4...##.#.####.#####
#####.....###.####8#.#...........
...###....# #.......#######.#####
...###....#################......
...'.'....'......................
...###....#################......
...# #....# #.##### ...# #....#
#.# #


You could see a red devil.

Vanquished Creatures
  A pandemonium lord (Zot:5)
  the Royal Jelly (Slime:5)
  3 ancient liches
  6 orbs of fire
  Mara (Snake:3)
  A juggernaut (Depths:5)
  Sojobo (Depths:4)
  Boris (Depths:4)
  3 curse toes
  Margery (Depths:3)
  2 caustic shrikes
  2 Killer Klowns (Zot:5)
  6 golden dragons
  2 bone dragons (Depths:5)
  6 electric golems
  4 Brimstone Fiends
  A hellephant (D:13)
  Jorgrun (Swamp:4)
  18 tentacled monstrosities
  4 quicksilver dragons
  22 Orb Guardians
  5 titans
  A lich (Depths:1)
  32 acid blobs
  5 death cobs
  An Executioner (D:3)
  An eldritch tentacle (Geh:1)
  4 thorn hunters
  3 ancient champions
  2 sphinxes
  Kirke (Snake:4)
  A tentacled starspawn (Abyss:3)
  8 tengu reavers
  Donald (Swamp:1)
  13 storm dragons
  A revenant (Hell)
  7 draconian monks
  20 azure jellies
  9 nagarajas
  10 shadow dragons
  8 frost giants
  2 draconian scorchers
  5 iron dragons
  A balrug (Hell)
  9 fire giants
  A cacodemon (Depths:5)
  17 vault wardens
  A draconian knight (Zot:4)
  3 draconian shifters
  2 deep elf elementalists (Vaults:5)
  A ghost moth (Zot:3)
  25 very ugly things
  10 reapers
  8 draconian annihilators
  3 draconian stormcallers
  16 stone giants
  An entropy weaver (Vaults:3)
  9 ironheart preservers
  A ghoul (Vaults:5)
  3 war gargoyles
  2 caustic shrike skeletons (Depths:2)
  A vampire knight (Depths:5)
  12 green draconians
  Nessos (D:12)
  13 purple draconians
  3 deep elf demonologists
  A deep elf annihilator (Vaults:4)
  11 yellow draconians
  11 red draconians
  5 white draconians
  4 spark wasps (Depths:2)
  9 black draconians
  16 ettins
  An eidolon (Depths:4)
  4 blizzard demons
  A deep elf death mage (Vaults:1)
  10 death oozes
  9 great orbs of eyes
  19 yaktaur captains
  6 fire dragons
  2 quicksilver dragon zombies (Geh:1)
  17 ogre magi
  A crystal guardian (Vaults:4)
  A great orb of eyes (shapeshifter) (Vaults:4)
  2 jiangshi (Depths:1)
  5 rakshasas
  25 vault guards
  4 deep elf high priests
  24 hydras
  2 hell beasts
  8 ice dragons
  11 naga warriors
  2 quicksilver dragon skeletons
  2 ghost crabs
  2 death knights
  5 centaur warriors
  6 alligators
  2 catoblepae
  5 deep troll earth magi
  3 dancing weapons
  17 anacondas
  58 two-headed ogres
  3 hell hogs (Geh:1)
  2 vampire magi
  The ghost of mopl the Carver, a journeyman TeSk of Okawaru (D:10)
  7 tengu warriors
  8 deep troll shamans
  4 spriggan berserkers
  7 soul eaters
  11 death yaks
  15 naga sharpshooters
  The ghost of Enish the Fighter, a novice MiBe of Trog (D:7)
  3 shock serpents
  Urug (D:11)
  3 deep elf knights
  6 shadow wraiths
  5 sun demons
  A titan skeleton (Hell)
  An iron troll (Depths:3)
  2 sixfirhies
  13 skeletal warriors
  A ghost moth zombie (Geh:1)
  The ghost of Amaterasu the Spear-Bearer, a novice DsGl of Okawaru (D:8)
  18 hell knights
  2 spriggan druids
  2 spectral anacondas (Depths:4)
  A salamander mystic (Snake:2)
  2 storm dragon skeletons
  A spatial maelstrom (Abyss:2)
  2 glowing orange brains
  2 sea snakes (shapeshifter)
  An anaconda zombie (Geh:1)
  3 wizards
  4 death drakes (Depths:4)
  A torturous demonspawn (Depths:5)
  A spectral minotaur (Depths:4)
  10 naga ritualists
  4 shambling mangroves
  26 deep trolls
  17 ironbrand convokers
  2 flayed ghosts
  5 harpies (Vaults:3)
  An infernal demonspawn (Depths:5)
  10 deep elf archers
  An orange crystal statue (Depths:4)
  11 swamp dragons
  10 deep elf magi
  6 phantasmal warriors
  8 orc knights
  A golden dragon skeleton (Depths:2)
  7 mana vipers
  3 wolf spider zombies
  51 ugly things
  8 necromancers
  2 orc sorcerers
  A wolf spider (Vaults:1)
  6 shining eyes
  11 oklob plants (Zot:4)
  3 manticores
  4 cyclopes
  A centaur zombie (D:13)
  A frost giant skeleton (Geh:1)
  24 moths of wrath
  8 guardian serpents
  13 salamanders
  6 rust devils
  A guardian serpent (shapeshifter) (D:14)
  2 black mambas (shapeshifter)
  4 eyes of devastation
  8 elephants
  2 ice statues (Hell)
  53 black mambas
  12 vault sentinels
  A titan simulacrum (Abyss:3)
  18 spiny frogs
  Psyche (D:12)
  14 naga magi
  A smoke demon (Geh:2)
  A spiny frog (shapeshifter) (Depths:2)
  3 centaur skeletons
  2 molten gargoyles
  3 gargoyles
  5 hellions
  2 rime drakes
  4 freezing wraiths
  A rime drake (shapeshifter) (Vaults:4)
  A hellwing (Depths:5)
  77 yaktaurs
  3 ice devils
  10 komodo dragons
  5 tengu conjurers
  2 tyrant leeches
  A polar bear (shapeshifter) (Depths:4)
  2 ancient zymes (Abyss:2)
  15 trolls
  A troll (shapeshifter) (Vaults:1)
  2 jumping spiders (Vaults:3)
  10 red devils
  19 hornets
  4 hydra zombies
  A meliai (shapeshifter) (Vaults:3)
  4 bog bodies
  A harpy skeleton (Geh:1)
  A minotaur skeleton (Geh:1)
  188 slime creatures
  10 hippogriffs
  2 raiju
  23 blink frogs
  4 hydra skeletons
  10 dream sheep (Lair:6)
  2 ice dragon zombies
  A fire dragon zombie (Geh:1)
  A fire giant simulacrum (Hell)
  18 flying skulls
  A centaur simulacrum (D:14)
  A black mamba zombie (Geh:2)
  2 vampires
  52 yaks
  A tarantella (shapeshifter) (Vaults:3)
  2 redbacks (Vaults:3)
  An ettin skeleton (Geh:1)
  2 spriggans (shapeshifter)
  17 spriggans
  4 water elementals
  7 wraiths
  6 fire bats (Geh:1)
  13 shadows
  2 yaks (shapeshifter)
  2 ynoxinuls
  A human (shapeshifter) (Vaults:4)
  A black mamba skeleton (Geh:1)
  A hog (shapeshifter) (Depths:1)
  9 golden eyes
  17 fire elementals
  A human (D:7)
  A hungry ghost (D:12)
  7 hogs
  A wyvern (Lair:5)
  2 basilisks
  A human simulacrum (Vaults:3)
  A chaos spawn (Depths:3)
  13 vampire mosquitoes
  4 insubstantial wisps (Swamp:3)
  14 wargs
  A swamp worm (shapeshifter) (Vaults:5)
  A minotaur simulacrum (Depths:4)
  23 swamp worms
  A human zombie (Depths:2)
  61 nagas
  2 spiny frog zombies (Hell)
  13 water moccasins
  A floating eye (Depths:4)
  A spectral spriggan (Depths:4)
  3 spectral trolls (Depths:4)
  A porcupine (shapeshifter) (Vaults:5)
  11 hell hounds
  10 swamp drakes
  11 porcupines
  6 phantoms
  2 sky beasts (D:15)
  4 ice beasts
  28 orc warriors
  3 black bears
  15 boggarts
  9 eyes of draining
  6 necrophages
  2 snapping turtle zombies
  61 ogres
  A manticore zombie (Geh:1)
  4 small abominations
  11 centaurs
  11 crocodiles
  24 wolves
  3 big kobolds
  13 bullfrogs
  A merfolk simulacrum (Depths:4)
  A wyvern zombie (D:14)
  A glowing shapeshifter simulacrum (Vaults:1)
  5 scorpions
  A wyvern skeleton (D:10)
  A spectral naga (Depths:4)
  9 killer bees
  A troll zombie (Hell)
  An elf simulacrum (Vaults:3)
  44 wights
  2 spectral ogres (Depths:4)
  A vampire bat (Orc:2)
  A spectral centaur (Depths:4)
  5 howler monkeys
  14 crimson imps
  3 bullfrog zombies
  14 jellies
  An iron imp (Hell)
  A gnoll shaman (Orc:2)
  14 orc priests
  A bullfrog skeleton (D:5)
  2 hounds
  17 orc wizards
  6 iguanas
  4 hell rats
  A spriggan simulacrum (Depths:4)
  7 worker ants
  A hound zombie (D:10)
  2 worker ant zombies
  A howler monkey zombie (D:7)
  9 adders
  16 gnolls
  2 shadow imps
  2 white imps
  An ufetubus (Abyss:2)
  An ooze (D:3)
  2 adder zombies (D:5)
  3 adder skeletons
  6 worms
  4 dart slugs
  9 leopard geckos
  71 orcs
  6 giant cockroaches
  10 goblins
  12 hobgoblins
  13 jackals
  32 kobolds
  5 quokkas
  3 ball pythons
  16 bats
  4 frilled lizards
  5 rats
  5 bushes (Zot:4)
  3 fungi
  5 plants
  3 starspawn tentacles
2575 creatures vanquished.

Vanquished Creatures (collateral kills)
  An ancient lich (Zot:5)
  Geryon (Hell)
  An Orb Guardian (Zot:5)
  A titan (Vaults:5)
  A draconian scorcher (Zot:1)
  A vault warden (Vaults:5)
  An ironheart preserver (Vaults:5)
  2 stone giants (Vaults:5)
  A white draconian (Zot:1)
  8 vault guards (Vaults:5)
  An ettin (Vaults:5)
  A hydra (Lair:6)
  2 naga warriors (Snake:3)
  2 anacondas (Snake:3)
  A soul eater (Hell)
  3 skeletal warriors (Hell)
  A naga ritualist (Snake:3)
  An ironbrand convoker (Vaults:5)
  A cyclops (Orc:1)
  A smoke demon (Hell)
  A vault sentinel (Vaults:5)
  4 black mambas (Snake:3)
  A naga mage (Snake:3)
  A red devil (Hell)
  A troll (Orc:1)
  4 nagas
  An orc warrior (Orc:1)
  2 ogres (Orc:1)
  A big kobold (shapeshifter) (Vaults:5)
  A crimson imp (Hell)
  2 orc wizards (Orc:1)
  2 orcs (Orc:1)
  2 goblins (Orc:1)
55 creatures vanquished.

Vanquished Creatures (others)
  An iron dragon (Vaults:5)
  A frost giant (Vaults:5)
  A yaktaur captain (Vaults:1)
  A hell beast (Hell)
  An ogre mage (Vaults:3)
  A necromancer (Geh:1)
  2 moths of wrath (Zot:5)
  A black mamba (Snake:2)
  2 vampires (Depths:4)
  A warg (Depths:4)
  2 boggarts (Vaults:2)
  A wolf (Depths:4)
  A wight (Depths:4)
  3 orcs (Orc:2)
  2 briar patches (Swamp:3)
  15 fungi
  23 plants
  3 starspawn tentacles
62 creatures vanquished.

Grand Total: 2692 creatures vanquished

Notes
Turn   | Place    | Note
-------+----------+-------------------------------------------
     0 | D:1      | kibaces the Minotaur Berserker began the quest for the Orb.
     0 | D:1      | Reached XP level 1. HP: 19/19 MP: 0/0
   517 | D:1      | Reached XP level 2. HP: 25/27 MP: 1/1
   758 | D:2      | Found a burning altar of Makhleb.
   759 | D:2      | Found a radiant altar of Vehumet.
   895 | D:2      | Reached XP level 3. HP: 33/33 MP: 2/2
  1005 | D:2      | Found a shimmering altar of Xom.
  1007 | D:2      | Found a glowing silver altar of Zin.
  1007 | D:2      | Noticed an angel
  1007 | D:2      | Noticed a centaur
  1012 | D:2      | Killed a centaur
  1012 | D:2      | Reached XP level 4. HP: 20/41 MP: 3/3
  1244 | D:2      | Reached XP level 5. HP: 47/47 MP: 4/4
  1488 | D:2      | Reached ** piety under Trog
  2068 | D:3      | Noticed an ogre
  2077 | D:3      | Killed an ogre
  2077 | D:3      | Reached skill level 5 in Fighting
  2077 | D:3      | Reached skill level 5 in Long Blades
  2077 | D:3      | Reached XP level 6. HP: 56/56 MP: 5/5
  2578 | D:3      | Found a glowing golden altar of the Shining One.
  2581 | D:3      | Found an ancient bone altar of Kikubaaqudgha.
  2585 | D:3      | Found a shadowy altar of Dithmenos.
  2585 | D:3      | Found a sparkling altar of Nemelex Xobeh.
  2586 | D:3      | Found a blossoming altar of Fedhas.
  2588 | D:3      | Found a bloodstained altar of Trog.
  2589 | D:3      | Found a hide-covered altar of Uskayaw.
  2805 | D:4      | Found a snail-covered altar of Cheibriados.
  2909 | D:4      | Reached *** piety under Trog
  3505 | D:4      | Reached skill level 5 in Armour
  3505 | D:4      | Reached XP level 7. HP: 62/62 MP: 6/6
  3932 | D:5      | Entered Level 5 of the Dungeon
  4011 | D:5      | Gained mutation: Your flesh is heat resistant. (rF+) [potion of mutation]
  4011 | D:5      | Gained mutation: You are somewhat resistant to further mutation. [potion of mutation]
  4012 | D:5      | Lost mutation: You are somewhat resistant to further mutation. [potion of mutation]
  4012 | D:5      | Lost mutation: Your flesh is heat resistant. (rF+) [potion of mutation]
  4012 | D:5      | Gained mutation: You are surrounded by a mild repulsion field. (EV +2) [potion of mutation]
  4012 | D:5      | Gained mutation: You are somewhat resistant to further mutation. [potion of mutation]
  4206 | D:5      | Found Goikheam's Antique Armour Emporium.
  4214 | D:5      | Bought a dazzling scale mail for 207 gold pieces
  4224 | D:5      | Identified the +11 scale mail of the Greedy {-Cast rF+++ Regen+ Dex+6} (You bought it in a shop on level 5 of the Dungeon)
  4702 | D:6      | Reached skill level 5 in Dodging
  5207 | D:6      | Reached XP level 8. HP: 63/71 MP: 7/7
  5308 | D:7      | Noticed Enish's ghost (novice MiBe)
  5327 | D:7      | Killed Enish's ghost
  5584 | D:7      | Found a staircase to the Ecumenical Temple.
  5590 | Temple   | Entered the Ecumenical Temple
  5749 | D:7      | Found a shattered altar of Ashenzari.
  5917 | D:7      | Reached XP level 9. HP: 72/81 MP: 8/8
  5924 | D:7      | Reached **** piety under Trog
  6289 | D:7      | Found a bloodstained altar of Trog.
  6967 | D:8      | Found a shimmering altar of Xom.
  7728 | D:9      | Found a bloodstained altar of Trog.
  8096 | D:9      | Reached ***** piety under Trog
  8096 | D:9      | Reached XP level 10. HP: 91/91 MP: 9/9
  8343 | D:9      | Found a staircase to the Lair.
  8346 | D:9      | Received a gift from Trog
  8524 | D:9      | Got a scintillating lead ring
  8525 | D:9      | Identified the ring of Virod {+Fly MR+ Str+2} (You found it on level 9 of the Dungeon)
  8535 | D:9      | Found an ornate altar of the Wu Jian Council.
  8709 | D:10     | Entered Level 10 of the Dungeon
  8780 | D:10     | Reached skill level 10 in Fighting
  8780 | D:10     | Reached skill level 10 in Long Blades
  8912 | D:10     | Reached skill level 10 in Armour
  8928 | D:10     | Noticed mopl's ghost (journeyman TeSk)
  8969 | D:10     | Killed mopl's ghost
  9631 | D:11     | Reached XP level 11. HP: 101/101 MP: 10/10
  9690 | D:11     | Found a flickering gateway to a bazaar.
  9690 | D:11     | Noticed a two-headed ogre
  9691 | D:11     | Noticed a cyan ugly thing
  9697 | D:11     | Killed a two-headed ogre
  9703 | D:11     | Killed a cyan ugly thing
  9710 | Bazaar   | Entered a bazaar
  9710 | Bazaar   | Found Xumij's Antique Armour Shoppe.
  9710 | Bazaar   | Found Noyxygg's General Store.
  9711 | Bazaar   | Found Zunad's Antique Armour Emporium.
  9711 | Bazaar   | Found Jifomn's Jewellery Emporium.
  9787 | D:11     | Noticed Urug
  9802 | D:11     | Killed Urug
  9952 | D:11     | Found a staircase to the Orcish Mines.
  9970 | D:11     | Found a roughly hewn altar of Beogh.
  9973 | D:11     | Received a gift from Trog
 10237 | D:11     | Reached skill level 10 in Dodging
 10615 | D:12     | Noticed a four-headed hydra
 10621 | D:12     | Noticed a two-headed ogre
 10628 | D:12     | Noticed Psyche
 10628 | D:12     | Noticed Nessos
 10631 | D:12     | Cast into level 1 of the Abyss (Psyche)
 10704 | Abyss:1  | Noticed a starcursed mass
 10809 | Abyss:2  | Noticed a spatial maelstrom
 10816 | Abyss:2  | Killed a spatial maelstrom
 10820 | Abyss:2  | Found a corrupted altar of Lugonu.
 10839 | Abyss:2  | Noticed a tentacled starspawn
 10853 | Abyss:2  | Noticed a spatial maelstrom
 10856 | Abyss:2  | Noticed a reaper
 10858 | Abyss:3  | Found a corrupted altar of Lugonu.
 10957 | Abyss:3  | Noticed a tentacled starspawn
 10971 | Abyss:3  | Killed a tentacled starspawn
 10990 | D:12     | Escaped the Abyss
 11053 | D:12     | Killed Psyche
 11053 | D:12     | Reached XP level 12. HP: 112/112 MP: 11/11
 11131 | Orc:1    | Entered Level 1 of the Orcish Mines
 11145 | Orc:1    | Identified a scroll of acquirement
 11146 | Orc:1    | Got a sparkling iron ring
 11154 | Orc:1    | Identified the ring of Urodu {rPois Stlth+} (You acquired it on level 1 of the Orcish Mines)
 11226 | Orc:1    | Received a gift from Trog
 11233 | Orc:1    | Found a flagged portal.
 11259 | Bailey   | Entered a bailey
 11275 | Bailey   | Received a gift from Trog
 11866 | Orc:1    | Found a shimmering altar of Xom.
 11870 | Orc:1    | Noticed a stone giant
 11882 | Orc:1    | Killed a stone giant
 12046 | Orc:2    | Entered Level 2 of the Orcish Mines
 12125 | Orc:2    | Found Ziuxzal's Food Shop.
 12356 | Orc:2    | Found a staircase to the Elven Halls.
 12460 | Orc:2    | Found Wodadal's General Store.
 12486 | Orc:2    | Noticed an ogre mage
 12505 | Orc:2    | Noticed a two-headed ogre
 12506 | Orc:2    | Killed an ogre mage
 12511 | Orc:2    | Noticed a two-headed ogre
 12520 | Orc:2    | Killed a two-headed ogre
 12524 | Orc:2    | Killed a two-headed ogre
 12531 | Orc:2    | Noticed a two-headed ogre
 12619 | Orc:2    | Noticed a two-headed ogre
 12689 | Orc:2    | Killed a two-headed ogre
 12697 | Orc:2    | Noticed a two-headed ogre
 12703 | Orc:2    | Killed a two-headed ogre
 12703 | Orc:2    | Received a gift from Trog
 12703 | Orc:2    | Reached XP level 13. HP: 98/122 MP: 9/12
 12735 | Orc:2    | Found Lashen's Weapon Emporium.
 12841 | Orc:2    | Found Lukoxt's Assorted Antiques.
 12844 | Orc:2    | Found a roughly hewn altar of Beogh.
 12851 | Orc:2    | Found Eraety's Assorted Antiques.
 12871 | Orc:2    | Bought a scroll of acquirement for 520 gold pieces
 12874 | Orc:2    | Got a slimy scimitar
 12875 | Orc:2    | Identified the +1 scimitar of Mydgh {pain, rElec Int+4 Stlth+} (You acquired it on level 2 of the Orcish Mines)
 13187 | Lair:1   | Entered Level 1 of the Lair of Beasts
 14369 | Lair:2   | Received a gift from Trog
 15706 | D:12     | Killed Nessos
 15722 | D:12     | Found Femoteur's Antique Weapon Emporium.
 16140 | D:12     | Reached XP level 14. HP: 106/133 MP: 10/13
 16659 | D:13     | Found a basalt altar of Yredelemnul.
 16809 | D:13     | Reached ****** piety under Trog
 17449 | Lair:4   | Found a staircase to the Snake Pit.
 17492 | Lair:4   | Reached skill level 15 in Long Blades
 17520 | Lair:4   | Reached skill level 15 in Fighting
 17537 | Lair:4   | Found a staircase to the Swamp.
 17663 | Lair:4   | Received a gift from Trog
 18430 | Lair:5   | Reached skill level 15 in Armour
 18689 | Lair:5   | Found a staircase to the Slime Pits.
 18690 | Lair:5   | Found a viscous altar of Jiyva.
 19217 | Lair:6   | Entered Level 6 of the Lair of Beasts
 19405 | Lair:6   | Reached XP level 15. HP: 139/143 MP: 14/14
 19801 | Lair:6   | Received a gift from Trog
 20427 | Snake:1  | Entered Level 1 of the Snake Pit
 20632 | Snake:1  | Reached skill level 15 in Dodging
 21179 | Snake:1  | Received a gift from Trog
 21785 | Snake:2  | Noticed a nagaraja
 22169 | D:13     | Found a gate to the Vaults.
 22535 | D:14     | Lost mutation: You are surrounded by a mild repulsion field. (EV +2) [potion of mutation]
 22535 | D:14     | Lost mutation: You are somewhat resistant to further mutation. [potion of mutation]
 22535 | D:14     | Gained mutation: Your magical capacity is low. (-10% MP) [potion of mutation]
 22535 | D:14     | Gained mutation: You are partially covered in yellow scales. (AC +2) [potion of mutation]
 22535 | D:14     | Gained mutation: Your natural rate of healing is unusually fast. [potion of mutation]
 22535 | D:14     | Gained mutation: You are robust. (+10% HP) [potion of mutation]
 22676 | D:14     | Reached skill level 1 in Shields
 22852 | D:14     | Reached XP level 16. HP: 169/169 MP: 13/13
 23324 | D:15     | Entered Level 15 of the Dungeon
 23363 | D:15     | Received a gift from Trog
 23508 | D:15     | Found a bloodstained altar of Trog.
 23965 | D:15     | Found a staircase to the Depths.
 24569 | Snake:2  | Found a radiant altar of Vehumet.
 25626 | Snake:3  | Received a gift from Trog
 25649 | Snake:3  | Received a gift from Trog
 25652 | Snake:3  | HP: 4/258 [naga mage/spear (9)]
 25657 | Snake:3  | HP: 3/172 [poisoned by a naga warrior (splash of poison)]
 26062 | Swamp:1  | Entered Level 1 of the Swamp
 26138 | Swamp:1  | Noticed a thorn hunter
 26148 | Swamp:1  | Killed a thorn hunter
 26234 | Swamp:1  | Reached XP level 17. HP: 179/179 MP: 14/14
 26250 | Swamp:1  | Found a white marble altar of Elyvilon.
 26407 | Swamp:1  | Noticed Donald
 26429 | Swamp:1  | Killed Donald
 26827 | Swamp:2  | Got a slimy chain mail
 26838 | Swamp:2  | Identified the +7 chain mail "Wururph" {rF+ rC- MR+ Int+3} (You found it on level 2 of the Swamp)
 26955 | Swamp:2  | Received a gift from Trog
 28402 | Swamp:4  | Entered Level 4 of the Swamp
 28403 | Swamp:4  | Noticed Jorgrun
 28414 | Swamp:4  | Killed Jorgrun
 28563 | Swamp:4  | Received a gift from Trog
 29136 | Swamp:4  | Got a decaying rune of Zot
 29692 | Vaults:1 | Entered Level 1 of the Vaults
 30232 | Vaults:1 | Reached XP level 18. HP: 166/193 MP: 13/15
 30461 | Vaults:1 | Received a gift from Trog
 31219 | Vaults:1 | Received a gift from Trog
 32286 | Vaults:2 | Reached XP level 19. HP: 205/205 MP: 14/16
 32927 | Vaults:2 | Found a staircase to the Crypt.
 33436 | Vaults:3 | Received a gift from Trog
 33450 | Vaults:3 | Paralysed by a great orb of eyes for 2 turns
 34329 | Vaults:3 | Received a gift from Trog
 34438 | Vaults:4 | Gained mutation: You are dopey. (Int -2) [a neqoxec]
 35674 | Vaults:4 | Received a gift from Trog
 35793 | Vaults:5 | Entered Level 5 of the Vaults
 35800 | Vaults:5 | Reached XP level 20. HP: 196/217 MP: 14/17
 35811 | Vaults:5 | Noticed an ancient lich
 36529 | Vaults:4 | Killed an ancient lich
 37247 | Vaults:5 | Got a silver rune of Zot
 37648 | Vaults:5 | Received a gift from Trog
 37648 | Vaults:5 | Reached XP level 21. HP: 229/229 MP: 17/17
 37707 | Vaults:5 | Got a crude silver ring
 37709 | Vaults:5 | Identified the ring of Viog {rF+ rN+ MP+9 Str+3 Slay+3} (You acquired it on level 5 of the Vaults)
 38105 | Vaults:5 | Found Vemne's Weapon Shop.
 38911 | Snake:3  | Noticed Mara
 38916 | Snake:3  | Noticed kibaces's illusion
 38968 | Snake:3  | Noticed kibaces's illusion
 39219 | Snake:3  | Killed Mara
 39398 | Snake:3  | Received a gift from Trog
 39921 | Snake:4  | Entered Level 4 of the Snake Pit
 40191 | Snake:4  | Received a gift from Trog
 40781 | Snake:4  | Got a serpentine rune of Zot
 40890 | Snake:4  | Noticed Kirke
 40907 | Snake:4  | Killed Kirke
 40991 | Snake:4  | Received a gift from Trog
 41381 | Snake:4  | Upgraded the game from 0.21.0 to 0.21.0-3-g78d12a8
 42230 | Slime:1  | Entered Level 1 of the Pits of Slime
 42237 | Slime:1  | Lost mutation: You are robust. (+10% HP) [a shining eye]
 42354 | Slime:1  | Gained mutation: Your body sometimes deteriorates upon taking damage. [a shining eye]
 42654 | Slime:1  | Reached XP level 22. HP: 207/222 MP: 5/18
 43774 | Slime:3  | Received a gift from Trog
 44449 | Slime:1  | Gained mutation: You are frail. (-10% HP) [a shining eye]
 44457 | Slime:1  | Gained mutation: You have a pair of large horns on your head. [a shining eye]
 44458 | Slime:1  | Gained mutation: You are very dopey. (Int -4) [a shining eye]
 44459 | Slime:1  | Gained mutation: You expend magic power (3 MP) to strengthen your wands. [a shining eye]
 44465 | Slime:1  | Gained mutation: You tend to lose your temper in combat. [a shining eye]
 44622 | Slime:1  | Lost mutation: You expend magic power (3 MP) to strengthen your wands. [potion of mutation]
 44622 | Slime:1  | Lost mutation: You tend to lose your temper in combat. [potion of mutation]
 44622 | Slime:1  | Lost mutation: You are frail. (-10% HP) [potion of mutation]
 44622 | Slime:1  | Gained mutation: You have sharp toenails. [potion of mutation]
 44622 | Slime:1  | Gained mutation: You expend magic power (3 MP) to strengthen your wands. [potion of mutation]
 44622 | Slime:1  | Gained mutation: Your system is resistant to poisons. (rPois) [potion of mutation]
 44623 | Slime:1  | Lost mutation: Your system is resistant to poisons. (rPois) [potion of mutation]
 44623 | Slime:1  | Lost mutation: You expend magic power (3 MP) to strengthen your wands. [potion of mutation]
 44623 | Slime:1  | Lost mutation: Your body sometimes deteriorates upon taking damage. [potion of mutation]
 44623 | Slime:1  | Lost mutation: You have a pair of large horns on your head. [potion of mutation]
 44623 | Slime:1  | Gained mutation: You are agile. (Dex +2) [potion of mutation]
 44623 | Slime:1  | Lost mutation: You are partially covered in yellow scales. (AC +2) [potion of mutation]
 44623 | Slime:1  | Gained mutation: Your flesh is cold resistant. (rC+) [potion of mutation]
 44623 | Slime:1  | Gained mutation: Your muscles are strong. (Str +2) [potion of mutation]
 44891 | Orc:2    | Bought a potion of mutation for 80 gold pieces
 44891 | Orc:2    | Bought a potion of mutation for 80 gold pieces
 45490 | Slime:3  | Lost mutation: You are very dopey. (Int -4) [a shining eye]
 45492 | Slime:3  | Lost mutation: You are agile. (Dex +2) [a shining eye]
 45506 | Slime:3  | Gained mutation: Armour fits poorly on your strangely shaped body. [a shining eye]
 45513 | Slime:3  | Received a gift from Trog
 45972 | Slime:4  | Gained mutation: Scrolls take you a little longer to read. [a shining eye]
 45977 | Slime:4  | Gained mutation: You expend magic power (3 MP) to strengthen your wands. [a shining eye]
 46574 | Slime:5  | Entered Level 5 of the Pits of Slime
 47243 | Slime:5  | Noticed the Royal Jelly
 47415 | Slime:5  | Found a viscous altar of Jiyva.
 47671 | Slime:5  | Killed the Royal Jelly
 48134 | Slime:5  | Got a slimy rune of Zot
 48190 | Slime:5  | Got an iridescent scimitar
 48191 | Slime:5  | Identified the +2 scimitar "Waihom" {flame, +Rage MR+} (You found it on level 5 of the Pits of Slime)
 48902 | Depths:1 | Entered Level 1 of the Depths
 48908 | Depths:1 | Found a one-way gate to the infinite horrors of the Abyss.
 49124 | Depths:1 | Reached XP level 23. HP: 231/231 MP: 19/19
 49146 | Depths:1 | Noticed a caustic shrike
 49151 | Depths:1 | Killed a caustic shrike
 49155 | Depths:1 | Received a gift from Trog
 49298 | Depths:1 | Found a gateway to Hell.
 49307 | Hell     | Entered the Vestibule of Hell
 49307 | Hell     | Noticed Geryon
 49322 | Hell     | Paralysed by fainting for 7 turns
 49329 | Hell     | Killed Geryon
 49651 | Hell     | Found a gateway to the Iron City of Dis.
 50013 | Hell     | Found a gateway to the ashen valley of Gehenna.
 50197 | Hell     | Received a gift from Trog
 50400 | Hell     | Found a gateway to the decaying netherworld of Tartarus.
 50628 | Hell     | Found a gateway to the freezing wastes of Cocytus.
 50758 | Geh:1    | Entered Level 1 of Gehenna
 50758 | Geh:1    | Found a gateway to Hell.
 50955 | Geh:1    | Received a gift from Trog
 50956 | Geh:1    | Found the +11 plutonium sword {*Contam Stlth-}
 51276 | Geh:1    | Received a gift from Trog
 51566 | Geh:2    | Found a gateway to Hell.
 51742 | Geh:2    | Found a gateway to Hell.
 52103 | Depths:1 | Found a gateway to a ziggurat.
 52290 | Depths:2 | Reached XP level 24. HP: 222/241 MP: 19/19
 52307 | Depths:2 | Received a gift from Trog
 52967 | Depths:2 | Lost mutation: Your magical capacity is low. (-10% MP) [potion of mutation]
 52967 | Depths:2 | Lost mutation: You have sharp toenails. [potion of mutation]
 52967 | Depths:2 | Lost mutation: Your muscles are strong. (Str +2) [potion of mutation]
 52967 | Depths:2 | Lost mutation: Scrolls take you a little longer to read. [potion of mutation]
 52967 | Depths:2 | Gained mutation: Potions are less effective at restoring your health. [potion of mutation]
 52967 | Depths:2 | Gained mutation: You are clumsy. (Dex -2) [potion of mutation]
 52967 | Depths:2 | Gained mutation: Your flesh is heat resistant. (rF+) [potion of mutation]
 52968 | Depths:2 | Lost mutation: You are dopey. (Int -2) [potion of mutation]
 52968 | Depths:2 | Lost mutation: Potions are less effective at restoring your health. [potion of mutation]
 52968 | Depths:2 | Gained mutation: You are partially covered in rugged brown scales. (AC +1, +3% HP) [potion of mutation]
 52968 | Depths:2 | Gained mutation: You are partially covered in thin metallic scales. (AC +2) [potion of mutation]
 53367 | Depths:3 | Received a gift from Trog
 53379 | Depths:3 | Found a portal to a secret trove of treasure.
 53632 | Depths:3 | You paid a toll of 8 potions of agility to enter a treasure trove
 53633 | Trove    | Entered a treasure trove
 53651 | Trove    | Got a scorched tin amulet
 53653 | Trove    | Got a smoking amethyst amulet
 53655 | Trove    | Got a coiled graven amulet
 53657 | Trove    | Got a sparkling copper ring
 53661 | Trove    | Got a flickering jade amulet
 53667 | Trove    | Got a steaming granite ring
 53677 | Trove    | Identified the amulet of Todiycuh {RegenMP rF+ Stlth+} (You found it in a treasure trove)
 53678 | Trove    | Identified the amulet of Soinynan {Harm *Drain rElec Dex+5 Slay+5} (You found it in a treasure trove)
 53679 | Trove    | Identified the amulet "Beiffad" {Reflect rF+ SH+5} (You found it in a treasure trove)
 53680 | Trove    | Identified the ring of Ugeceik {+Fly rF- rC++ MP+9} (You found it in a treasure trove)
 53682 | Trove    | Identified the amulet of Tyutur {Spirit rElec rN++ MR- Slay+2} (You found it in a treasure trove)
 53683 | Trove    | Identified the ring "Faulifucs" {+Blink rC+} (You found it in a treasure trove)
 53705 | Trove    | Got a sparkling ivory amulet
 53709 | Trove    | Got an ancient ivory ring
 53712 | Trove    | Identified the amulet "Gioh" {Reflect Int+6 SH+4} (You found it in a treasure trove)
 53715 | Trove    | Identified the ring of Juekhiu {Fire +Blink rElec Str+2 Int+2} (You found it in a treasure trove)
 53988 | Depths:3 | Received a gift from Trog
 54223 | Depths:3 | Noticed Margery
 54255 | Depths:3 | Killed Margery
 54552 | Depths:3 | Got a warped ivory ring
 54554 | Depths:3 | Identified the ring of the Eleven Songs {+Inv Stlth+} (You found it on level 3 of the Depths)
 54614 | Depths:3 | Found a one-way gate leading to the halls of Pandemonium.
 55292 | Depths:4 | Noticed Boris
 55336 | Depths:4 | Killed Boris
 55657 | Depths:4 | Received a gift from Trog
 55698 | Depths:4 | Noticed Sojobo
 55732 | Depths:4 | Killed Sojobo
 55732 | Depths:4 | Reached XP level 25. HP: 254/254 MP: 22/22
 56023 | Depths:4 | Noticed an ancient lich
 56038 | Depths:4 | Killed an ancient lich
 56195 | Depths:4 | Reached skill level 27 in Fighting
 56313 | Depths:4 | Got a faintly glowing plate armour
 56324 | Depths:4 | Identified the +8 plate armour of Jur Emuc {+Fly Regen+} (You found it on level 4 of the Depths)
 56384 | Depths:4 | Reached skill level 27 in Armour
 56405 | Depths:4 | Paralysed by a floating eye for 2 turns
 56412 | Depths:4 | Paralysed by a floating eye for 2 turns
 56417 | Depths:4 | Paralysed by a floating eye for 3 turns
 56477 | Depths:4 | Reached skill level 5 in Shields
 56477 | Depths:4 | Reached XP level 26. HP: 263/266 MP: 22/22
 56479 | Depths:4 | Got a faintly humming scale mail
 56490 | Depths:4 | Identified the +2 scale mail of Akicuil {rElec} (You found it on level 4 of the Depths)
 56895 | Depths:5 | Entered Level 5 of the Depths
 57136 | Depths:5 | Received a gift from Trog
 57616 | Depths:5 | Noticed a juggernaut
 57631 | Depths:5 | Killed a juggernaut
 57996 | Depths:5 | Gained mutation: You are frail. (-10% HP) [a cacodemon]
 58129 | Depths:5 | Found a gate to the Realm of Zot.
 58304 | Zot:1    | Entered Level 1 of the Realm of Zot
 58673 | Zot:1    | Reached skill level 10 in Shields
 59504 | Zot:2    | Found a transporter.
 59541 | Zot:2    | Reached XP level 27. HP: 246/246 MP: 22/22
 60020 | Zot:2    | Noticed an orb of fire
 60035 | Zot:2    | Gained mutation: You are very clumsy. (Dex -4) [an orb of fire]
 60047 | Zot:2    | Gained mutation: You occasionally shout uncontrollably at your foes. [an orb of fire]
 60048 | Zot:2    | Killed an orb of fire
 61692 | Zot:3    | Received a gift from Trog
 64709 | Zot:4    | Reached skill level 27 in Dodging
 65447 | Zot:4    | Received a gift from Trog
 65596 | Zot:5    | Entered Level 5 of the Realm of Zot
 65778 | Zot:5    | Reached skill level 15 in Shields
 66272 | Zot:5    | Noticed an ancient lich
 66286 | Zot:5    | Killed an ancient lich
 66350 | Zot:5    | Noticed an orb of fire
 66362 | Zot:5    | Gained mutation: You tend to lose your temper in combat. [an orb of fire]
 66373 | Zot:5    | Killed an orb of fire
 66414 | Zot:5    | Noticed an orb of fire
 66431 | Zot:5    | Gained mutation: You are weak. (Str -2) [an orb of fire]
 66433 | Zot:5    | Noticed an orb of fire
 66433 | Zot:5    | Killed an orb of fire
 66446 | Zot:5    | Noticed an ancient lich
 66454 | Zot:5    | Gained mutation: You are very frail. (-20% HP) [an orb of fire]
 66456 | Zot:5    | Killed an orb of fire
 66461 | Zot:5    | Killed an ancient lich
 66723 | Zot:5    | Noticed an orb of fire
 66737 | Zot:5    | Lost mutation: Your flesh is cold resistant. (rC+) [an orb of fire]
 66743 | Zot:5    | Killed an orb of fire
 67601 | Zot:5    | Noticed an orb of fire
 67601 | Zot:5    | Gained mutation: You are extremely frail. (-30% HP) [an orb of fire]
 67609 | Zot:5    | Gained mutation: Scrolls take you a little longer to read. [an orb of fire]
 67644 | Zot:5    | Killed an orb of fire
 67788 | Zot:5    | Received a gift from Trog
 67813 | Zot:5    | Got the Orb of Zot
 67835 | Zot:5    | Noticed Zak Gipizu the pandemonium lord
 67868 | Zot:5    | Killed Zak Gipizu the pandemonium lord
 68267 | D:8      | Noticed Amaterasu's ghost (novice DsGl)
 68270 | D:8      | Killed Amaterasu's ghost
 68343 | D:4      | Lost mutation: You are weak. (Str -2) [potion of mutation]
 68343 | D:4      | Lost mutation: Armour fits poorly on your strangely shaped body. [potion of mutation]
 68343 | D:4      | Lost mutation: You are very clumsy. (Dex -4) [potion of mutation]
 68343 | D:4      | Gained mutation: You are somewhat resistant to further mutation. [potion of mutation]
 68343 | D:4      | Gained mutation: You have a pair of large horns on your head. [potion of mutation]
 68344 | D:4      | Lost mutation: You are somewhat resistant to further mutation. [potion of mutation]
 68344 | D:4      | Lost mutation: You are extremely frail. (-30% HP) [potion of mutation]
 68344 | D:4      | Lost mutation: You expend magic power (3 MP) to strengthen your wands. [potion of mutation]
 68344 | D:4      | Gained mutation: Your flesh is cold resistant. (rC+) [potion of mutation]
 68345 | D:4      | Lost mutation: You tend to lose your temper in combat. [potion of mutation]
 68345 | D:4      | Lost mutation: You are partially covered in thin metallic scales. (AC +2) [potion of mutation]
 68345 | D:4      | Lost mutation: You are clumsy. (Dex -2) [potion of mutation]
 68345 | D:4      | Lost mutation: Your flesh is heat resistant. (rF+) [potion of mutation]
 68345 | D:4      | Gained mutation: Your skin changes colour to match your surroundings (Stealth+). [potion of mutation]
 68345 | D:4      | Lost mutation: You have a pair of large horns on your head. [potion of mutation]
 68345 | D:4      | Gained mutation: Your flesh is heat resistant. (rF+) [potion of mutation]
 68362 | D:3      | Noticed Xyna the pandemonium lord
 68417 | D:$      | Escaped with the Orb!

Skill      XL: |  1  2  3  4  5  6  7  8  9 10 11 12 13 14 15 16 17 18 19 20 21 22 23 24 25 26 27 |
---------------+----------------------------------------------------------------------------------+-----
Long Blades    | 4 5 6 7 9 10 12 13 14 15 16 17 18 19 24 | 24.0
Armour         | 3 4 5 6 7 9 10 11 13 14 15 16 17 19 20 21 22 23 24 25 26 27 | 27.0
Fighting       | 4 5 6 8 9 10 12 13 14 15 16 17 19 20 21 22 23 24 25 26 27 | 27.0
Dodging        | 3 4 5 6 8 9 10 12 13 14 15 16 17 18 19 21 22 23 24 25 26 27 | 27.0
Shields        | 1 4 5 11 18 | 18.7

Action                   |  1- 3 |  4- 6 |  7- 9 | 10-12 | 13-15 | 16-18 | 19-21 | 22-24 | 25-27 || total
-------------------------+-------+-------+-------+-------+-------+-------+-------+-------+-------++-------
Melee: Falchion          |    56 |   140 |    71 |       |       |       |       |       |       ||   267
       Headbutt          |     6 |    23 |    81 |   185 |   390 |   536 |   605 |   787 |   577 ||  3190
       Long sword        |       |       |   179 |       |       |       |       |       |       ||   179
       Scimitar          |       |       |     7 |   146 |   194 |       |       |       |       ||   347
       Double sword      |       |       |       |   315 |   763 |   423 |   404 |       |       ||  1905
       Demon blade       |       |       |       |       |       |   841 |   881 |  1763 |  1329 ||  4814
       Triple sword      |       |       |       |       |       |       |       |       |    39 ||    39
Invok: Berserk           |       |     1 |     2 |     5 |     5 |     7 |     6 |     6 |     3 ||    35
       Brothers in Arms  |       |       |       |     2 |     3 |     6 |    15 |     6 |     3 ||    35
       Trog's Hand       |       |       |       |     1 |       |     3 |     6 |     4 |    12 ||    26
       Burn Spellbooks   |       |       |       |       |     5 |     4 |     4 |     5 |     1 ||    19
Evoke: Wand              |       |       |       |       |     1 |       |       |     1 |    13 ||    15
  Use: Scroll            |       |     4 |    13 |     8 |    19 |    12 |     6 |    13 |     4 ||    79
       Potion            |       |       |     2 |       |     1 |     3 |     2 |     6 |    10 ||    24
 Stab: Sleeping          |       |       |       |     1 |     2 |     1 |       |       |       ||     4
       Petrified         |       |       |       |       |    13 |       |       |       |       ||    13
       Distracted        |       |       |       |       |     1 |     1 |     2 |     1 |     1 ||     6
       Confused          |       |       |       |       |       |       |       |       |     2 ||     2
  Eat: Chunk             |       |     6 |    17 |    14 |    30 |    21 |    18 |    17 |    12 ||   135
       Ration            |       |     1 |       |     2 |     3 |     6 |    10 |     9 |    12 ||    43
Armor: Animal skin       |     5 |       |       |       |       |       |       |       |       ||     5
       Plate armour      |    23 |    92 |    27 |       |       |       |       |       |       ||   142
       Scale mail        |       |       |    65 |   203 |   299 |   435 |   429 |   476 |   358 ||  2265
Dodge: Dodged            |    24 |    65 |   179 |   601 |   981 |  1101 |  1249 |  1554 |  1077 ||  6831
Block: Buckler           |       |       |       |       |     4 |   438 |   454 |   621 |   647 ||  2164
       Reflection        |       |       |       |       |       |       |       |    13 |     8 ||    21
       Other             |       |       |       |       |       |       |       |       |     2 ||     2
       Rpst.: Falchion   |     4 |    14 |    11 |       |       |       |       |       |       ||    29
       Long sword        |       |       |    43 |       |       |       |       |       |       ||    43
       Scimitar          |       |       |       |    34 |    48 |       |       |       |       ||    82
       Double sword      |       |       |       |    79 |   199 |   105 |   114 |       |       ||   497
       Demon blade       |       |       |       |       |       |   111 |   137 |   273 |   146 ||   667
       Triple sword      |       |       |       |       |       |       |       |       |     6 ||     6
